AoeStats
← chewie1706

Arena

507853267Analyzed
4v4 RM · 12d ago on Sep 19, 2026· 42m 32s· 8 players
Game mode
Random Map
Map size
Large (8 player)
Population
200
Speed
Normal
Resources
Standard
Victory
Conquest
Starting age
Dark Age
Ending age
Imperial Age
RankedLock teamsTeams togetherTeam positionsShared explorationLock speedFull tech treeHidden civsTurbo modeCheats
Victory
Defeat
🇫🇷 Magyars · France
1510
+12
🇫🇷 Shu · France
1465
+13
🇫🇷 Teutons · France
1416
+15
🇫🇷 Tatars · France
1365
+18
🇺🇸 Gurjaras · United States
1486
-17
🇦🇷 Aztecs · Argentina
1434
-16
🇹🇷 Berbers · Türkiye
1367
-13
🇨🇦 Vietnamese · Canada
1338
-12
IamBritt
10:56 Feudal Age
12:38 Double-Bit Axe
14:54 Castle Age
12:49 Horse Collar
15:51 Bow Saw
16:19 Heavy Plow
20:26 Wheelbarrow
22:26 Gold Mining
22:28 Stone Mining
24:22 Hand Cart
29:04 Imperial Age
26:23 Loom
27:18 Fletching
28:48 Scale Barding Armor
28:53 Forging
29:45 Bloodlines
29:05 Heavy Camel Rider
30:17 Husbandry
30:39 Chain Barding Armor
31:41 Gold Shaft Mining
31:45 Stone Shaft Mining
32:06 Plate Barding Armor
32:35 Kshatriyas
34:22 Frontier Guards
36:45 Conscription
Bass
10:27 Feudal Age
14:36 Castle Age
13:00 Double-Bit Axe
13:47 Horse Collar
15:10 Pikeman
18:38 Scale Mail Armor
19:52 Chain Mail Armor
22:31 Bow Saw
22:24 Loom
23:15 Wheelbarrow
23:25 Heavy Plow
27:08 Fletching
34:32 Town Watch
35:15 Squires
35:47 Hand Cart
41:00 Imperial Age
39:54 Eagle Warrior
41:06 Elite Eagle Warrior
42:19 Plate Mail Armor
42:00 Gold Mining
42:02 Stone Mining
Schvank
5:04 Loom
10:53 Feudal Age
14:55 Castle Age
13:12 Double-Bit Axe
15:48 Bow Saw
18:34 Fletching
20:30 Gold Mining
24:30 Bodkin Arrow
25:18 Wheelbarrow
24:51 Padded Archer Armor
27:24 Leather Archer Armor
31:55 Ballistics
34:36 Hand Cart
34:23 Horse Collar
35:07 Stone Mining
36:12 Heavy Plow
39:19 Stone Shaft Mining
42:31 Imperial Age
EarlyQuitter
10:55 Feudal Age
9:47 Loom
15:15 Castle Age
13:16 Double-Bit Axe
14:47 Fletching
23:07 Bow Saw
27:54 Gold Mining
28:43 Wheelbarrow
28:01 Horse Collar
29:22 Heavy Plow
32:38 Imperial Age
30:23 Heavy Plow
30:33 Padded Archer Armor
30:30 Stone Mining
30:58 Bodkin Arrow
30:48 Elite Skirmisher
32:10 Leather Archer Armor
32:38 Masonry
32:10 Treadmill Crane
33:28 Bracer
33:51 Ballistics
33:10 Imperial Skirmisher
35:16 Chemistry
35:10 Fortified Wall
36:08 Ring Archer Armor
39:40 Hand Cart
39:10 Town Watch
Eras Mousse
10:41 Feudal Age
11:36 Horse Collar
14:25 Castle Age
12:17 Double-Bit Axe
15:26 Bow Saw
20:11 Wheelbarrow
21:57 Heavy Plow
22:53 Hand Cart
22:23 Loom
27:44 Imperial Age
25:08 Town Watch
25:24 Fletching
26:10 Ballistics
26:00 Bodkin Arrow
26:06 Padded Archer Armor
25:47 Crossbowman
27:29 Thumb Ring
27:46 Leather Archer Armor
28:29 Bracer
29:30 Chemistry
29:08 Arbalester
29:21 Onager
33:28 Ring Archer Armor
33:59 Bolt Magazine
34:20 Conscription
34:25 Fortified Wall
35:00 Siege Engineers
38:57 Scale Mail Armor
39:08 Forging
39:03 Scale Barding Armor
38:52 Stone Mining
38:52 Gold Mining
40:07 Two-Man Saw
40:54 Caravan
41:33 Town Patrol
40:59 Elite Skirmisher
40:59 Heavy Cavalry Archer
42:42 Coinage
42:23 Guilds
43:12 Chain Barding Armor
43:08 Chain Mail Armor
42:15 Pikeman
42:55 Squires
42:41 Gambesons
42:58 Husbandry
42:19 Light Cavalry
43:02 Atonement
43:12 Fervor
43:14 Masonry
43:00 Murder Holes
chewie1706
5:05 Loom
8:18 Feudal Age
8:57 Double-Bit Axe
9:40 Fletching
13:33 Horse Collar
19:48 Wheelbarrow
18:59 Town Watch
22:56 Castle Age
21:00 Stone Mining
24:03 Bow Saw
23:53 Heavy Plow
30:44 Gold Mining
32:41 Scale Barding Armor
37:30 Imperial Age
35:37 Chain Barding Armor
37:26 Bloodlines
37:41 Husbandry
37:41 Cavalier
38:57 Plate Barding Armor
38:46 Conscription
39:10 Crop Rotation
39:46 Two-Man Saw
39:26 Hand Cart
39:12 Town Patrol
40:01 Gold Shaft Mining
38:59 Paladin
41:32 Caravan
42:06 Bodkin Arrow
Babifort
9:29 Loom
11:15 Feudal Age
15:40 Castle Age
15:04 Double-Bit Axe
15:29 Horse Collar
16:51 Bow Saw
17:50 Wheelbarrow
19:43 Fletching
33:21 Imperial Age
31:00 Padded Archer Armor
32:56 Hand Cart
32:36 Gold Mining
33:04 Leather Archer Armor
32:44 Bodkin Arrow
33:31 Ballistics
34:31 Heavy Plow
34:48 Bracer
35:05 Heavy Cavalry Archer
41:43 Caravan
42:31 Ring Archer Armor
AGS.Sylvatica
10:34 Feudal Age
14:26 Castle Age
12:37 Double-Bit Axe
18:51 Horse Collar
20:39 Bow Saw
20:53 Scale Barding Armor
21:30 Forging
22:27 Bloodlines
24:09 Loom
24:25 Gold Mining
25:07 Chain Barding Armor
25:22 Iron Casting
27:18 Wheelbarrow
30:47 Imperial Age
28:18 Town Watch
28:55 Heavy Plow
29:55 Hand Cart
30:51 Cavalier
32:08 Plate Barding Armor
32:33 Blast Furnace
32:48 Blast Furnace
33:05 Conscription
32:56 Caravan
33:18 Paladin
34:37 Fletching
36:36 Stone Mining
38:35 Scale Mail Armor
38:11 Pikeman
39:16 Squires
39:32 Chain Mail Armor
39:48 Bodkin Arrow
40:56 Chemistry
40:49 Plate Mail Armor
40:42 Halberdier
42:23 Ballistics
42:15 Masonry
42:46 Arson
43:31 Bombard Tower
Connection lost

Rejoining the realm…

Still unreachable

The connection could not be restored.

Session expired

The server has moved on; the page needs a fresh start.